 Dungeon Crawl Stone Soup version 0.31-a0-202-g547052bce9 (webtiles) character file.

Game seed: 14863898155387154983

37354 qw the Markself (level 13, -6/82 HPs)
             Began as a Deep Elf Hunter on June 26, 2023.
             Was a High Priest of Okawaru.
             Mangled by a reaper
             ... wielding a +3 scythe of protection
              (35 damage)
             ... in a Gauntlet.
             The game lasted 00:06:52 (12228 turns).

qw the Markself (Deep Elf Hunter)                  Turns: 12228, Time: 00:06:52

Health: -6/82      AC: 19    Str:  8    XL:     13   Next: 57%
Magic:  22/22      EV: 23    Int: 16    God:    Okawaru [*****.]
Gold:   636        SH:  0    Dex: 22    Spells: 12/12 levels left

rFire   + + .        Y - +6 orcbow (drain)
rCold   + . .        (shield currently unavailable)
rNeg    . . .        k - +0 swamp dragon scales
rPois   +            t - +2 hat {Stlth+}
rElec   .            d - scarf {rC+ rF+}
rCorr   .            h - +2 pair of gloves
SInv    +            o - +2 pair of boots
Will    +....        m - amulet of regeneration
Stlth   ++++         c - ring of protection from fire
HPRegen 1.13/turn    n - ring of see invisible
MPRegen 0.18/turn

%: no teleportation
@: heroic
A: no striking features
a: Renounce Religion, Heroism, Finesse, Duel


You were in a Gauntlet.
You worshipped Okawaru.
Okawaru was extremely pleased with you.
You visited 3 branches of the dungeon, and saw 15 of its levels.
You also visited: Gauntlet.

You collected 846 gold pieces.
You spent 210 gold pieces at shops.


   Skills:
 - Level 10.0(15.0) Fighting
 - Level 16.1(21.1) Ranged Weapons
 + Level 5.2(10.2) Armour
 - Level 15.5(20.5) Dodging
 - Level 1.2(6.2) Stealth
 - Level 10.0 Invocations


You had 12 spell levels left.
You didn't know any spells.
Your spell library was empty.

Inventory:

Hand Weapons
 w - a +1 arbalest of freezing
 Y - a +6 orcbow of draining (weapon)
Armour
 b - a +1 robe of resistance
 d - a scarf of resistance (worn)
 f - a +1 cloak
 h - a +2 pair of gloves (worn)
 k - +0 swamp dragon scales (worn)
 o - a +2 pair of boots (worn)
 p - the +1 ring mail "Caad" {-Tele Drain Int+9 SInv}
   (You took it off a crimson imp on level 8 of the Dungeon)

   Int:       It affects your intelligence (+9).
   SInv:      It lets you see invisible.
   -Tele:     It prevents most forms of teleportation.
   Drain:     It drains your maximum health when unequipped.
 q - +1 acid dragon scales
 t - a +2 hat of stealth (worn)
Jewellery
 a - a +6 ring of strength
 c - a ring of protection from fire (left hand)
 m - an amulet of regeneration (around neck)
 n - a ring of see invisible (right hand)
 v - a ring of protection from cold
Scrolls
 i - a scroll of identify
 s - 5 scrolls of teleportation
Potions
 e - 5 potions of heal wounds
 g - 4 potions of might
 j - 3 potions of enlightenment
 l - 3 potions of haste
 r - 4 potions of curing
 u - a potion of mutation
 x - a potion of cancellation

Dungeon Overview and Level Annotations

Branches:
Dungeon (10/15)            Temple (1/1) D:7            Lair (4/5) D:10
  Swamp (0/4) Lair:2       Spider (0/4) Lair:2        Slime (0/5) Lair:4
    Orc (0/2) D:9         Gauntlet (1/1)

Altars:
Ashenzari
Cheibriados
Dithmenos
Elyvilon
Fedhas
Gozag
Hepliaklqana
Kikubaaqudgha
Makhleb
Nemelex Xobeh
Okawaru
Qazlal
Ru
Sif Muna
Trog
Uskayaw
Vehumet
Wu Jian
Xom
Yredelemnul
Zin
The Shining One
Jiyva

Shops:
D:7 ?

Annotations:
D:4 3 runed translucent doors, qw's ghost, novice DEHu
D:10 1 runed translucent door, qw's ghost, novice DEHu Gauntlet 9 transporters, 1 runed translucent door


Message History

The hellwing is almost dead.
The hellwing hits you but does no damage. x2
The reaper completely misses you. The shadow imp hits you.
You shoot an arrow. The arrow hits the hellwing!!
You kill the hellwing!
Okawaru accepts your kill.
You shoot an arrow. The arrow hits the shadow imp.
The shadow imp is moderately wounded.
The reaper completely misses you. The shadow imp closely misses you.
You shoot an arrow. The arrow hits the shadow imp.
The shadow imp is severely wounded.
The reaper barely misses you. The shadow imp closely misses you.
You shoot an arrow. The arrow hits the shadow imp!
You kill the shadow imp!
Okawaru accepts your kill. The reaper barely misses you.
You shoot an arrow. The arrow hits the reaper!
The reaper is moderately wounded.
The reaper hits you from afar with a +3 scythe of protection.
You shoot an arrow. The arrow hits the reaper.
The reaper is moderately wounded.
The reaper completely misses you.
You shoot an arrow. The arrow barely misses the reaper.
The reaper hits you from afar with a +3 scythe of protection.
You shoot an arrow. The arrow hits the reaper!
The reaper is moderately wounded.
The reaper closely misses you.
You shoot an arrow. The arrow hits the reaper!
The reaper is heavily wounded.
The reaper completely misses you.
You shoot an arrow. The arrow hits the reaper!
The reaper is severely wounded.
You shoot an arrow.
The arrow hits the reaper but does no damage.
The reaper is severely wounded.
The reaper hits you from afar with a +3 scythe of protection!
You shoot an arrow. The arrow hits the reaper!!
The reaper is almost dead.
The reaper hits you from afar with a +3 scythe of protection!!
You die...

##~.7.#[^##.#.#.#########..~
#~~.P.#=.^.##.#.##..##.##...
##~...#...yyy.#.#.##..#.#...
##.P.#########.#.#.#.#.###.
##~.7.........#^#^#.^#.##^#. # #
#~~...#########.#..#.##5#.#.
#...##~...#.....2.#.#..##..##.#.
#.7. ##...#?###'#.#.###..##.#.#.
#...##..7.#"#~.@#.#.#########.#.
##.7.#..P..#^#~^.#.#^#.......#.#.
.....#.7P..#!#~..#.###...7P..#.##
##.^.#.P...#.###+#.#...P.PP..#.#.
#...#.....#2......#..P#~#~#.#.#.
##.^.#.....#########...~~~~~.#.#.
.....#..\............7.#~#~#.#^##
##.^.#.....#########.P.~~~~~.#.#.
#...#.....#[[#.##.#..P#~#~#.#.##


You could see a reaper and 3 meliai.

Vanquished Creatures
  Gastronok (Lair:1)
  Harold (Lair:1)
  Erica (D:8)
  A boulder beetle (Lair:1)
  A two-headed ogre (D:9)
  Urug (Lair:1)
  Sonja (D:10)
  A skyshark (Lair:2)
  A soul eater (Gauntlet)
  An orb spider (Lair:2)
  A bog body (Lair:2)
  A lindwurm (Lair:4)
  3 elephants (Lair:4)
  Joseph (D:10)
  4 black mambas
  An ice statue (D:9)
  13 cane toads
  A torpor snail (Lair:3)
  5 rime drakes
  6 komodo dragons
  A hellwing (Gauntlet)
  A polar bear (Lair:1)
  15 blink frogs
  Prince Ribbit (D:8)
  6 small abominations (Gauntlet)
  A wyvern (D:8)
  Grum (D:7)
  2 steam dragons (D:9)
  52 yaks
  4 basilisks
  3 acid dragons
  17 water moccasins
  An ice beast (D:6)
  A sky beast (D:7)
  An ogre (D:4)
  3 orc warriors
  4 black bears
  6 centaurs
  8 wolves
  A phantom (D:6)
  2 kobold brigands (D:8)
  Blork the orc (D:5)
  13 bullfrogs
  2 gnoll sergeants
  5 scorpions
  7 wights
  5 killer bees (D:9)
  An electric eel (Lair:4)
  4 howler monkeys
  7 crimson imps (D:8)
  9 hounds
  4 jellies
  4 orc priests
  3 sleepcaps
  2 gnoll boudas
  5 iguanas
  8 orc wizards
  15 gnolls
  12 adders
  6 shadow imps (Gauntlet)
  2 white imps (D:8)
  A worm (D:4)
  2 dart slugs
  42 orcs
  10 ball pythons
  8 endoplasms
  A giant cockroach (D:1)
  5 goblins
  3 hobgoblins
  9 jackals
  12 kobolds
  6 quokkas
  3 bats
  4 frilled lizards
  5 rats
403 creatures vanquished.

Notes
Turn   | Place    | Note
-------+----------+-------------------------------------------
     0 | D:1      | qw the Deep Elf Hunter began the quest for the Orb.
     0 | D:1      | Reached XP level 1. HP: 12/12 MP: 3/3
     0 | D:1      | 0 ||| qw: Version: 0.3-a-22-g0ed2b0b
     0 | D:1      | 0 ||| qw: Game counter: 6027
     0 | D:1      | 0 ||| qw: Melee chars always use a shield: true
     0 | D:1      | 0 ||| qw: God list: Okawaru
     0 | D:1      | 0 ||| qw: Allow faded altars: false
     0 | D:1      | 0 ||| qw: Do Orc after clearing Dungeon:15 true
     0 | D:1      | 0 ||| qw: Do second Lair branch before Depths: true
     0 | D:1      | 0 ||| qw: Lair rune preference: random
     0 | D:1      | 0 ||| qw: Goals: Normal
     0 | D:1      | 0 ||| PLANNING D:1-11
   292 | D:1      | Reached skill level 6 in Ranged Weapons
   292 | D:1      | Reached XP level 2. HP: 16/16 MP: 4/4
   646 | D:1      | 646 ||| UPGRADING to +0 cloak.
   651 | D:1      | 651 ||| UPGRADING to +2 pair of gloves.
   656 | D:1      | 656 ||| UPGRADING to +6 ring of strength.
   657 | D:1      | 657 ||| READING 2 scrolls labelled SULAKU KAFUH.
   658 | D:1      | 658 ||| READING scroll of enchant armour.
   658 | D:1      | 658 ||| ENCHANTING +0 cloak.
   659 | D:1      | 659 ||| READING 2 scrolls labelled HYQ OGIOZOEWN.
   660 | D:1      | 660 ||| DROPPING scroll of butterflies.
   764 | D:2      | Noticed a black bear
   771 | D:2      | Killed a black bear
   772 | D:2      | Reached skill level 8 in Ranged Weapons
   772 | D:2      | Reached XP level 3. HP: 14/20 MP: 5/5
   772 | D:2      | Reached XP level 4. HP: 18/25 MP: 6/6
   777 | D:2      | 777 ||| FLEEEEING.
   945 | D:2      | Reached skill level 3 in Dodging
  1291 | D:2      | Reached XP level 5. HP: 29/29 MP: 7/7
  1543 | D:2      | 1543 ||| UPGRADING to +0 ring mail.
  1553 | D:2      | 1553 ||| DROPPING +0 leather armour.
  1554 | D:2      | 1554 ||| READING 5 scrolls of identify.
  1554 | D:2      | 1554 ||| IDENTIFYING metallic puce potion
  1555 | D:2      | 1555 ||| READING 4 scrolls of identify.
  1555 | D:2      | 1555 ||| IDENTIFYING fizzy emerald potion
  1556 | D:2      | 1556 ||| READING 3 scrolls of identify.
  1556 | D:2      | 1556 ||| IDENTIFYING clear potion
  1557 | D:2      | 1557 ||| READING 2 scrolls of identify.
  1557 | D:2      | 1557 ||| IDENTIFYING murky grey potion
  1558 | D:2      | 1558 ||| DROPPING potion of berserk rage.
  1770 | D:3      | Found a bloodstained altar of Trog.
  2174 | D:3      | 2174 ||| READING scroll labelled VUTEVO COOSERPH.
  2227 | D:3      | 2227 ||| READING scroll labelled MIWKA ZAEDINA.
  2286 | D:4      | Reached skill level 9 in Ranged Weapons
  2325 | D:4      | Reached XP level 6. HP: 36/36 MP: 8/8
  2670 | D:4      | Reached skill level 1 in Armour
  2985 | D:4      | Found a runed translucent gate.
  2985 | D:4      | Found a runed translucent gate.
  2985 | D:4      | Found a runed translucent gate.
  2988 | D:4      | Noticed qw's ghost (novice DEHu)
  3073 | D:4      | Reached skill level 10 in Ranged Weapons
  3250 | D:4      | 3250 ||| DROPPING amulet of magic regeneration.
  3251 | D:4      | 3251 ||| UPGRADING to amulet of regeneration.
  3256 | D:4      | 3256 ||| UPGRADING to ring of see invisible.
  3257 | D:4      | 3257 ||| READING scroll labelled XEMUSH RUICZYC.
  3258 | D:4      | 3258 ||| READING scroll labelled SYXZITI IKOELICA.
  3259 | D:4      | 3259 ||| READING scroll labelled WAERHUSUAD.
  3260 | D:4      | 3260 ||| READING 3 scrolls of identify.
  3260 | D:4      | 3260 ||| IDENTIFYING viscous puce potion
  3261 | D:4      | 3261 ||| READING 2 scrolls of identify.
  3261 | D:4      | 3261 ||| IDENTIFYING cyan potion
  3262 | D:4      | 3262 ||| DROPPING potion of degeneration.
  3302 | D:5      | Entered Level 5 of the Dungeon
  3347 | D:5      | Noticed Blork the orc
  3353 | D:5      | Reached XP level 7. HP: 37/40 MP: 9/9
  3363 | D:5      | HP: 2/40 [Blork the orc/+0 battleaxe (13)]
  3364 | D:5      | 3364 ||| DRINKING potion of heal wounds.
  3373 | D:5      | Killed Blork the orc
  3374 | D:5      | Reached skill level 11 in Ranged Weapons
  3404 | D:5      | 3404 ||| SWAPPING to +0 orcbow.
  3405 | D:5      | 3405 ||| DROPPING +0 shortbow.
  3510 | D:5      | 3510 ||| Stepping ~*~*~tactically~*~*~ (outnumbered).
  3511 | D:5      | 3511 ||| Stepping ~*~*~tactically~*~*~ (outnumbered).
  3956 | D:5      | Reached XP level 8. HP: 45/45 MP: 10/10
  3962 | D:5      | Reached skill level 12 in Ranged Weapons
  4173 | D:5      | 4173 ||| UPGRADING to +1 robe of resistance.
  4183 | D:5      | 4183 ||| READING scroll labelled ROUKE COSH.
  4466 | D:6      | 4466 ||| DRINKING potion of curing.
  4466 | D:6      | 4466 ||| (to cure confusion)
  4468 | D:6      | Reached skill level 3 in Fighting
  4694 | D:6      | 4694 ||| FLEEEEING.
  4695 | D:6      | 4695 ||| FLEEEEING.
  4696 | D:6      | 4696 ||| FLEEEEING.
  4697 | D:6      | 4697 ||| FLEEEEING.
  4699 | D:6      | 4699 ||| FLEEEEING.
  4700 | D:6      | 4700 ||| FLEEEEING.
  4701 | D:6      | 4701 ||| FLEEEEING.
  4707 | D:6      | 4707 ||| FLEEEEING.
  4708 | D:6      | 4708 ||| FLEEEEING.
  4709 | D:6      | 4709 ||| FLEEEEING.
  4710 | D:6      | 4710 ||| FLEEEEING.
  4737 | D:6      | 4737 ||| FLEEEEING.
  4743 | D:6      | 4743 ||| FLEEEEING.
  4971 | D:6      | Reached skill level 13 in Ranged Weapons
  5062 | D:6      | 5062 ||| SWAPPING to +4 orcbow.
  5063 | D:6      | 5063 ||| DROPPING +0 orcbow.
  5114 | D:6      | 5114 ||| UPGRADING to +0 pair of boots.
  5119 | D:6      | 5119 ||| READING scroll labelled KUIGOR JAOPEF.
  5120 | D:6      | 5120 ||| DRINKING 3 emerald potions.
  5121 | D:6      | 5121 ||| READING 2 scrolls of identify.
  5121 | D:6      | 5121 ||| IDENTIFYING viscous grey potion
  5122 | D:6      | 5122 ||| DROPPING potion of lignification.
  5154 | D:7      | Reached skill level 6 in Dodging
  5167 | D:7      | Found Nokisik's Magic Scroll Emporium.
  5172 | D:7      | 5172 ||| BUYING scroll of enchant armour (105 gold).
  5172 | D:7      | Bought a scroll of enchant armour for 105 gold pieces
  5172 | D:7      | 5172 ||| BUYING scroll of enchant armour (105 gold).
  5172 | D:7      | Bought a scroll of enchant armour for 105 gold pieces
  5172 | D:7      | 5172 ||| SHOPLISTING scroll of teleportation (42 gold, have
                  | 23).
  5172 | D:7      | 5172 ||| READING 2 scrolls of enchant armour.
  5172 | D:7      | 5172 ||| ENCHANTING +0 pair of boots.
  5173 | D:7      | 5173 ||| READING scroll of enchant armour.
  5173 | D:7      | 5173 ||| ENCHANTING +1 pair of boots.
  5198 | D:7      | Found a staircase to the Ecumenical Temple.
  5199 | D:7      | 5199 ||| PLANNING TEMPLE
  5199 | D:7      | 5199 ||| DROPPING +6 ring of intelligence.
  5200 | D:7      | 5200 ||| READING 2 scrolls of identify.
  5200 | D:7      | 5200 ||| IDENTIFYING dark potion
  5201 | D:7      | 5201 ||| DROPPING potion of ambrosia.
  5209 | Temple   | Entered the Ecumenical Temple
  5209 | Temple   | Found a transporter.
  5209 | Temple   | Found a transporter.
  5211 | Temple   | Found a transporter.
  5211 | Temple   | Found a transporter.
  5221 | Temple   | 5221 ||| PLANNING D:1-11
  5313 | D:7      | Found an iron altar of Okawaru.
  5314 | D:7      | 5314 ||| PLANNING OKAWARU WORSHIP
  5318 | D:7      | 5318 ||| DROPPING ring of wizardry.
  5319 | D:7      | 5319 ||| READING scroll labelled OSONOUDOLI.
  5320 | D:7      | Found a radiant altar of Vehumet.
  5321 | D:7      | 5321 ||| Stepping ~*~*~tactically~*~*~ (cloud).
  5356 | D:7      | Found a blossoming altar of Fedhas.
  5356 | D:7      | Found a hazy altar of Hepliaklqana.
  5360 | D:7      | Became a worshipper of Warmaster Okawaru
  5361 | D:7      | 5361 ||| PLANNING D:1-11
  5417 | D:7      | Reached XP level 9. HP: 50/50 MP: 11/11
  5425 | D:7      | Reached skill level 14 in Ranged Weapons
  5478 | D:7      | Noticed Grum
  5483 | D:7      | Killed Grum
  5709 | D:7      | Found a stormy altar of Qazlal.
  5923 | D:8      | Reached * piety under Okawaru
  5955 | D:8      | 5955 ||| INVOKING Heroism.
  5963 | D:8      | Reached skill level 15 in Ranged Weapons
  6025 | D:8      | Identified the +1 ring mail "Caad" {-Tele Drain Int+9 SInv}
  6030 | D:8      | Reached skill level 1 in Invocations
  6063 | D:8      | 6063 ||| INVOKING Heroism.
  6117 | D:8      | 6117 ||| FLEEEEING.
  6118 | D:8      | 6118 ||| FLEEEEING.
  6119 | D:8      | 6119 ||| FLEEEEING.
  6120 | D:8      | 6120 ||| FLEEEEING.
  6122 | D:8      | 6122 ||| FLEEEEING.
  6122 | D:8      | Noticed Erica
  6123 | D:8      | 6123 ||| INVOKING Heroism.
  6125 | D:8      | Reached skill level 3 in Invocations
  6139 | D:8      | Killed Erica
  6139 | D:8      | Reached ** piety under Okawaru
  6140 | D:8      | Reached XP level 10. HP: 56/56 MP: 12/15
  6375 | D:8      | Noticed Prince Ribbit
  6386 | D:8      | Killed Prince Ribbit
  6387 | D:8      | Reached skill level 16 in Ranged Weapons
  6450 | D:8      | 6450 ||| DROPPING +0 ring mail.
  6451 | D:8      | 6451 ||| UPGRADING to +0 acid dragon scales.
  6461 | D:8      | 6461 ||| DROPPING amulet of the acrobat.
  6462 | D:8      | 6462 ||| READING scroll labelled DETHEARADU.
  6548 | D:9      | 6548 ||| INVOKING Heroism.
  6561 | D:9      | 6561 ||| Stepping ~*~*~tactically~*~*~ (cloud).
  6679 | D:9      | 6679 ||| INVOKING Heroism.
  6697 | D:9      | Reached *** piety under Okawaru
  6771 | D:9      | 6771 ||| INVOKING Heroism.
  6775 | D:9      | Reached skill level 9 in Dodging
  6793 | D:9      | Found a staircase to the Orcish Mines.
  6821 | D:9      | Reached skill level 3 in Armour
  6878 | D:9      | Found a snail-covered altar of Cheibriados.
  7003 | D:9      | Noticed an ice statue
  7004 | D:9      | 7004 ||| INVOKING Heroism.
  7016 | D:9      | Killed an ice statue
  7038 | D:9      | Noticed a two-headed ogre
  7040 | D:9      | 7040 ||| INVOKING Heroism.
  7045 | D:9      | Killed a two-headed ogre
  7045 | D:9      | Reached **** piety under Okawaru
  7046 | D:9      | Reached XP level 11. HP: 62/64 MP: 13/16
  7351 | D:9      | 7351 ||| UPGRADING to ring of protection from fire.
  7353 | D:9      | 7353 ||| READING scroll labelled AMAEGG IKEMOTI.
  7354 | D:9      | 7354 ||| READING 2 scrolls of identify.
  7354 | D:9      | 7354 ||| IDENTIFYING pink potion
  7389 | D:10     | Entered Level 10 of the Dungeon
  7400 | D:10     | 7400 ||| Stepping ~*~*~tactically~*~*~ (outnumbered).
  7411 | D:10     | 7411 ||| FLEEEEING.
  7472 | D:10     | Identified the +8 chain mail "Hyitzo" {rCorr}
  7522 | D:10     | Noticed Sonja
  7527 | D:10     | 7527 ||| INVOKING Heroism.
  7529 | D:10     | Killed Sonja
  7530 | D:10     | Reached skill level 6 in Fighting
  7615 | D:10     | Found a runed translucent door.
  7621 | D:10     | Noticed qw's ghost (novice DEHu)
  7705 | D:10     | Reached ***** piety under Okawaru
  7745 | D:10     | Noticed Joseph
  7752 | D:10     | 7752 ||| INVOKING Heroism.
  7754 | D:10     | Killed Joseph
  7755 | D:10     | Reached skill level 6 in Invocations
  7817 | D:10     | 7817 ||| INVOKING Heroism.
  7835 | D:10     | Found a staircase to the Lair.
  8271 | D:10     | 8271 ||| READING 2 scrolls labelled MERRAM SEDDOUWK.
  8272 | D:10     | 8272 ||| PLANNING LAIR
  8272 | D:10     | 8272 ||| READING 3 scrolls labelled OMEAFO IPLISMA.
  8302 | D:10     | 8302 ||| READING scroll labelled YCISKE JESIEWN.
  8303 | D:10     | 8303 ||| DROPPING scroll of noise.
  8331 | Lair:1   | Entered Level 1 of the Lair of Beasts
  8344 | Lair:1   | 8344 ||| INVOKING Heroism.
  8406 | Lair:1   | Noticed Harold
  8407 | Lair:1   | 8407 ||| INVOKING Heroism.
  8412 | Lair:1   | Killed Harold
  8462 | Lair:1   | 8462 ||| INVOKING Heroism.
  8493 | Lair:1   | Noticed Gastronok
  8505 | Lair:1   | 8505 ||| FLEEEEING.
  8506 | Lair:1   | 8506 ||| FLEEEEING.
  8507 | Lair:1   | 8507 ||| FLEEEEING.
  8508 | Lair:1   | 8508 ||| FLEEEEING.
  8509 | Lair:1   | 8509 ||| FLEEEEING.
  8510 | Lair:1   | 8510 ||| FLEEEEING.
  8511 | Lair:1   | 8511 ||| FLEEEEING.
  8512 | Lair:1   | 8512 ||| FLEEEEING.
  8528 | Lair:1   | 8528 ||| FLEEEEING.
  8529 | Lair:1   | 8529 ||| FLEEEEING.
  8531 | Lair:1   | 8531 ||| FLEEEEING.
  8532 | Lair:1   | 8532 ||| FLEEEEING.
  8533 | Lair:1   | 8533 ||| FLEEEEING.
  8536 | Lair:1   | 8536 ||| FLEEEEING.
  8537 | Lair:1   | 8537 ||| FLEEEEING.
  8538 | Lair:1   | 8538 ||| FLEEEEING.
  8546 | Lair:1   | 8546 ||| STAIRDANCE
  8728 | Lair:1   | 8728 ||| INVOKING Heroism.
  8744 | Lair:1   | HP: 11/67 [black mamba (12)]
  8745 | Lair:1   | 8745 ||| READING 2 scrolls of teleportation.
  8745 | Lair:1   | HP: 4/67 [poisoned by a black mamba]
  8746 | Lair:1   | 8746 ||| DRINKING 3 potions of heal wounds.
  8759 | Lair:1   | Killed Gastronok
  8759 | Lair:1   | Identified the -1 pair of boots of the Thinker {+Blink
                  | Str+4 Int+3 Dex-4} (Okawaru gifted it to you on level 1 of
                  | the Lair of Beasts)
  8759 | Lair:1   | Received a gift from Okawaru
  8760 | Lair:1   | Reached XP level 12. HP: 22/73 MP: 20/20
  8765 | Lair:1   | Reached skill level 9 in Invocations
  8877 | Lair:1   | 8877 ||| INVOKING Heroism.
  8939 | Lair:1   | 8939 ||| FLEEEEING.
  8940 | Lair:1   | 8940 ||| FLEEEEING.
  8943 | Lair:1   | 8943 ||| FLEEEEING.
  8959 | Lair:1   | Noticed a boulder beetle
  8960 | Lair:1   | 8960 ||| INVOKING Heroism.
  8961 | Lair:1   | 8961 ||| INVOKING Finesse.
  8970 | Lair:1   | Killed a boulder beetle
  9009 | Lair:1   | Noticed Urug
  9010 | Lair:1   | 9010 ||| INVOKING Heroism.
  9024 | Lair:1   | Killed Urug
  9112 | Lair:1   | 9112 ||| READING scroll of enchant armour.
  9112 | Lair:1   | 9112 ||| ENCHANTING +0 acid dragon scales.
  9244 | Lair:1   | Reached skill level 12 in Dodging
  9308 | Lair:1   | You fall into a shaft and drop 1 floor!
  9340 | Lair:2   | 9340 ||| DROPPING -1 pair of boots of the Thinker {+Blink
                  | Str+4 Int+3 Dex-4}.
  9341 | Lair:2   | 9341 ||| UPGRADING to +2 hat of stealth.
  9351 | Lair:2   | 9351 ||| INVOKING Heroism.
  9429 | Lair:1   | 9429 ||| DRINKING potion of cancellation.
  9692 | Lair:2   | 9692 ||| READING scroll of brand weapon.
  9692 | Lair:2   | 9692 ||| BRANDING +5 orcbow of electrocution.
  9702 | Lair:2   | 9702 ||| INVOKING Heroism.
  9730 | Lair:2   | Identified the +6 long sword of the Valley {flame, rPois}
  9818 | Lair:2   | 9818 ||| INVOKING Heroism.
  9841 | Lair:2   | Found a staircase to the Swamp.
  9889 | Lair:2   | 9889 ||| INVOKING Heroism.
 10022 | Lair:2   | 10022 ||| INVOKING Heroism.
 10075 | Lair:2   | 10075 ||| INVOKING Heroism.
 10080 | Lair:2   | 10080 ||| UPGRADING to scarf of resistance.
 10099 | Lair:2   | 10099 ||| UPGRADING to scarf of resistance.
 10237 | Lair:2   | Found a hole to the Spider Nest.
 10242 | Lair:2   | Reached skill level 9 in Fighting
 10625 | Lair:3   | 10625 ||| INVOKING Heroism.
 10659 | Lair:3   | 10659 ||| DROPPING +2 pair of gloves.
 10672 | Lair:3   | Reached XP level 13. HP: 80/80 MP: 22/22
 10721 | Lair:3   | Received a gift from Okawaru
 10732 | Lair:3   | 10732 ||| INVOKING Heroism.
 10772 | Lair:3   | 10772 ||| INVOKING Heroism.
 10776 | Lair:3   | 10776 ||| DROPPING scarf of resistance.
 10876 | Lair:3   | 10876 ||| INVOKING Heroism.
 10939 | Lair:3   | 10939 ||| READING scroll of enchant weapon.
 10939 | Lair:3   | 10939 ||| ENCHANTING +5 orcbow of draining.
 11098 | Lair:3   | 11098 ||| INVOKING Heroism.
 11323 | Lair:3   | 11323 ||| DROPPING ring of flight.
 11324 | Lair:3   | 11324 ||| READING 2 scrolls of identify.
 11324 | Lair:3   | 11324 ||| IDENTIFYING golden potion
 11364 | Lair:4   | 11364 ||| PLANNING GAUNTLET
 11376 | Lair:4   | 11376 ||| STAIRDANCE
 11478 | Lair:4   | 11478 ||| INVOKING Heroism.
 11602 | Lair:4   | Found a staircase to the Slime Pits.
 11602 | Lair:4   | Found a viscous altar of Jiyva.
 11614 | Lair:4   | 11614 ||| READING 2 scrolls of identify.
 11614 | Lair:4   | 11614 ||| IDENTIFYING purple potion
 11615 | Lair:4   | 11615 ||| DROPPING potion of attraction.
 11670 | Lair:4   | 11670 ||| INVOKING Heroism.
 11703 | Lair:4   | Reached skill level 15 in Dodging
 11826 | Lair:4   | Found a gate leading to a gauntlet.
 11838 | Gauntlet | Entered a Gauntlet
 11838 | Gauntlet | Found a transporter.
 11848 | Gauntlet | Found a transporter.
 11859 | Gauntlet | Found a transporter.
 11862 | Gauntlet | Found a transporter.
 11871 | Gauntlet | Found a transporter.
 11887 | Gauntlet | Found a runed translucent door.
 11889 | Gauntlet | Found a transporter.
 11900 | Gauntlet | Found a transporter.
 11901 | Gauntlet | Noticed a reaper
 11911 | Gauntlet | Found a transporter.
 11912 | Gauntlet | Found the +1 Delatra's gloves {ID++}
 11925 | Gauntlet | Found a transporter.
 11940 | Gauntlet | Found a transporter.
 11940 | Gauntlet | Found a transporter.
 11980 | Gauntlet | Noticed a cacodemon
 11996 | Gauntlet | Found a runed translucent door.
 12002 | Gauntlet | Found a transporter.
 12005 | Gauntlet | Found a transporter.
 12017 | Gauntlet | Found a transporter.
 12097 | Gauntlet | 12097 ||| INVOKING Heroism.
 12130 | Gauntlet | 12130 ||| READING 2 scrolls of identify.
 12130 | Gauntlet | 12130 ||| IDENTIFYING grey potion
 12131 | Gauntlet | 12131 ||| DROPPING potion of invisibility.
 12183 | Gauntlet | 12183 ||| UPGRADING to +0 swamp dragon scales.
 12215 | Gauntlet | 12215 ||| INVOKING Heroism.
 12228 | Gauntlet | Mangled by a reaper

Levels and vault maps discovered:
D:1:      zaba_arrival_water, layout_loops_cross, serial_forest,
          infiniplex_forest_straight_1, infiniplex_forest_clump_large,
          infiniplex_forest_lined_3, infiniplex_forest_lined_room_2,
          infiniplex_forest_clump_curved, infiniplex_forest_clump_double
D:2:      layout_basic, minmay_indecisive_spiral
D:3:      layout_basic, mainiacjoe_overflow_concentric_impassable
D:4:      layout_loops_corners, biasface_ghost_orc_armoury
D:5:      layout_cave_pods, uniq_blork_the_orc
D:6:      layout_loops_corners
D:7:      layout_cave_pools, nicolae_qazlal_eye_of_the_storm,
          grunt_temple_overflow_open, minmay_temple_entry_sparse_star,
          serial_gnoll_camp, grums_kennel, gnoll_camp_mini_shop,
          gnoll_camp_mini_basic, gnoll_camp_mini_loothouse,
          gnoll_camp_mini_house
D:8:      layout_gridville, minmay_nine_imps, uniq_erica, uniq_prince_ribbit1
D:9:      lemuel_ice_statue, layout_irregular_city, cheibriados_altar_1,
          hiddenorc1_lemuel
D:10:     layout_basic, due_lair_maze_entry_diamond, gammafunk_ghost_grave,
          uniq_sonja, uniq_joseph
Temple:   hellmonk_temple_divided_pantheon
Lair:1:   layout_chaotic_city, serial_bayou_shore_a, uniq_urug, uniq_harold,
          uniq_gastronok
Lair:2:   layout_roguey, skrybe_swamp_entry_bodies,
          nicolae_spider_entry_orb_guardian, minivault_27
Lair:3:   layout_roguey
Lair:4:   layout_gridlike, slime_entry_1, gauntlet_entry_generic, minivault_23,
          serial_bayou_pond_b, lemuel_fruit_tree, serial_bayou_shore_b
Gauntlet: minmay_gauntlet_77_tree [minmay_gauntlet_arena_77_radiant_squares,
          minmay_gauntlet_arena_77_box, minmay_gauntlet_arena_77_mess,
          minmay_gauntlet_arena_77_p_blocks,
          minmay_gauntlet_arena_77_tiled_triplets,
          minmay_gauntlet_arena_77_shame_cube,
          minmay_gauntlet_arena_77_hold_the_fort, gauntlet_exit_hidden_loot]

Skill      XL: |  1  2  3  4  5  6  7  8  9 10 11 12 13 |
---------------+----------------------------------------+-----
Ranged Weapons | 6 8 9 10 11 13 15 16 | 16.1
Dodging        | 3 4 6 7 10 11 13 15 | 15.5
Fighting       | 2 3 4 5 7 9 10 | 10.0
Armour         | 1 3 4 5 |  5.2
Invocations    | 4 8 10 | 10.0
Stealth        | |  1.2

Action                     |  1- 3 |  4- 6 |  7- 9 | 10-12 | 13-15 || total
---------------------------+-------+-------+-------+-------+-------++-------
   Fire: Shortbow          |    48 |   198 |    25 |       |       ||   271
         Orcbow            |       |       |   359 |   685 |   275 ||  1319
 Invoke: Heroism           |       |       |     3 |    22 |     8 ||    33
         Finesse           |       |       |       |     1 |       ||     1
    Use: Scroll            |     3 |    11 |     7 |     9 |     4 ||    34
         Potion            |       |       |     3 |     2 |       ||     5
 Armour: Leather armour    |    12 |     4 |       |       |       ||    16
         Ring mail         |       |    27 |    13 |       |       ||    40
         Robe              |       |       |    21 |     1 |       ||    22
         Acid dragon scale |       |       |       |    89 |    18 ||   107
         Swamp dragon scal |       |       |       |       |    10 ||    10
  Dodge: Dodged            |    21 |    45 |    81 |   277 |   145 ||   569

Table legend:
 A = Non-vault XP
 B = Vault XP
 C = Vault XP percentage of total XP
 D = Non-vault monster count
 E = Vault monster count
 F = Vault count percentage of total count
                 A         B        C        D         E       F
            +---------+---------+-------+---------+---------+-------
      Total |   39918 |   13445 |  25.2 |     311 |      92 |  22.8
            +---------+---------+-------+---------+---------+-------
        D:1 |      32 |       0 |   0.0 |      18 |       0 |   0.0
        D:2 |      51 |     127 |  71.3 |      11 |       4 |  26.7
        D:3 |      79 |       0 |   0.0 |      19 |       0 |   0.0
        D:4 |     408 |       0 |   0.0 |      24 |       0 |   0.0
        D:5 |     688 |      94 |  12.0 |      20 |       1 |   4.8
        D:6 |     838 |       0 |   0.0 |      27 |       0 |   0.0
        D:7 |     609 |     761 |  55.5 |       9 |      20 |  69.0
        D:8 |    1319 |    1462 |  52.6 |      29 |      11 |  27.5
        D:9 |    4260 |     627 |  12.8 |      24 |      18 |  42.9
       D:10 |    2092 |    2720 |  56.5 |      16 |      14 |  46.7
     Lair:1 |    9790 |    3152 |  24.4 |      38 |       3 |   7.3
     Lair:2 |    6778 |    1433 |  17.5 |      28 |       2 |   6.7
     Lair:3 |    5445 |       0 |   0.0 |      23 |       0 |   0.0
     Lair:4 |    7529 |     895 |  10.6 |      25 |       5 |  16.7
   Gauntlet |       0 |    2174 | 100.0 |       0 |      14 | 100.0
            +---------+---------+-------+---------+---------+-------
